 Dungeon Crawl Stone Soup version 0.31-a0-1616-gbeaec30b81 (webtiles) character file.

Game seed: 11111731847942135284

4 bmb222 the Ruffian (level 1, 0/16 HPs)
             Began as a Draconian Shapeshifter on Jan 10, 2024.
             Slain by a gnoll
             ... wielding a +0 flail
              (6 damage)
             ... on level 1 of the Dungeon.
             The game lasted 00:00:08 (101 turns).

bmb222 the Ruffian (Draconian Shapeshifter)          Turns: 101, Time: 00:00:08

Health: 0/16       AC:  4    Str: 16    XL:     1   Next: 58%
Magic:  1/1        EV: 12    Int: 10    God:
Gold:   0          SH:  0    Dex: 10    Spells: 0/0 levels left

rFire   . .          .
                       - Unarmed
rCold   . . .        (no shield)
rNeg    . . .        (body armour unavailable)
rPois   .            (helmet currently unavailable)
rElec   .            (cloak currently unavailable)
rCorr   .            (gloves currently unavailable)
SInv    .            (boots currently unavailable)
Will    .....        (no amulet)
Stlth   +            (no ring)
HPRegen 0.22/turn    (no ring)
MPRegen 0.07/turn

%: no passive effects
@: beast-form
A: beast (slay +1), AC +4, unfitting armour, cold-blooded
a: Begin Untransformation


You were on level 1 of the Dungeon.
You were a hulking beast.
You visited 1 branch of the dungeon, and saw 1 of its levels.

Inventory:

Talismans
 b - a beast talisman
 c - a flux talisman
Scrolls
 e - a scroll of revelation {unknown}
Potions
 a - a potion of lignification
 d - a potion of curing {unknown}


   Skills:
 + Level 1.3 Fighting
 + Level 1.9 Dodging
 + Level 3.1 Unarmed Combat
 + Level 3.0 Shapeshifting


You couldn't memorise any spells.
You didn't know any spells.
Your spell library was empty.

Dungeon Overview and Level Annotations

Branches:
Dungeon (1/15)

Altars:


Innate Abilities, Weirdness & Mutations

You are a hulking beast.
Your limbs bulge with bestial killing power. (Slay +1)
Your plain brown scales are hard. (AC +4)
You cannot fit into any form of body armour.
You are cold-blooded and may be slowed by cold attacks.


Message History

You hit the ball python.
The ball python is severely wounded.
The ball python barely misses you. The ball python constricts you.
A ball python is nearby!
A ball python is nearby!
You hit the ball python.
You kill the ball python!
You open the door.
A gnoll comes into view. It is wielding a +0 flail.
A hobgoblin comes into view.
The hobgoblin shouts!
There are monsters nearby!
The hobgoblin hits you but does no damage.
There are monsters nearby!
You hit the hobgoblin but do no damage.
The gnoll shouts!
The hobgoblin closely misses you.
There are monsters nearby!
You hit the hobgoblin.
You kill the hobgoblin!
A gnoll is nearby!
A gnoll is nearby!
A gnoll is nearby!
A gnoll is nearby!
You closely miss the gnoll. The gnoll hits you with a +0 flail!
Ouch! That really hurt!
A gnoll is nearby!
You are too injured to fight recklessly!
A gnoll is nearby!
You are too injured to fight recklessly!
A gnoll is nearby!
You are too injured to fight recklessly!
A gnoll is nearby!
You are too injured to fight recklessly!
A gnoll is nearby!
A gnoll is nearby!
Unknown command.
A gnoll is nearby!
You hit the gnoll but do no damage. The gnoll hits you with a +0 flail.
You die...

#......†....##.#.#........###
#..........###.#.#..#.###.#
#.....###..# #.#.##.#.# ..
##....#...## #.#.#....# ##
####.#...# #.#.####.#
#.#...####...####.#
#.#.#.............#
#.....####......
#...#†..hg......
#.#....###...... #..#......#
..... #..###....# .... ....
#....# ... #.### #....# .. #.
#....# . #....# ....#


You could see a gnoll.

Vanquished Creatures
  An endoplasm (D:1)
  2 hobgoblins (D:1)
  A ball python (D:1)
4 creatures vanquished.

Notes
Turn   | Place    | Note
-------+----------+-------------------------------------------
     0 | D:1      | bmb222 the Draconian Shapeshifter began the quest for the
                  | Orb.
     0 | D:1      | Reached XP level 1. HP: 16/16 MP: 1/1
   101 | D:1      | Slain by a gnoll

Illustrated notes

Levels and vault maps discovered:
D:1:      minmay_arrival_shattered_statue, layout_basic,
          shapermc_ecumenical_altar_mp_vishouse

Action                     || total
---------------------------++-------
  Melee: Unarmed           ||     9
 Armour: Skin              ||     6
  Dodge: Dodged            ||     2

Table legend: (Time is in decaauts)
 A = Elapsed time spent in this place.
 B = Non-inter-level travel time spent in this place.
 C = Inter-level travel time spent in this place.
 D = Time resting spent in this place.
 E = Time spent auto-exploring this place.
 F = Levels seen in this place.
 G = Mean time per level.
                   A        B        C        D        E       F      G
               +--------+--------+--------+--------+--------+-----+--------+
         Total |    100 |    100 |      0 |      0 |     73 |   1 |  100.0 |
       Dungeon |    100 |    100 |      0 |      0 |     73 |   1 |  100.0 |
               +--------+--------+--------+--------+--------+-----+--------+

Top non-repeatable levels by time:
     D:1: 100 daAuts
